 Dungeon Crawl Stone Soup version 0.32-a0-422-g28b100f618 (webtiles) character file.

Game seed: 7111626179361813966

75 cforsyth the Slasher (level 4, -1/35 HPs)
             Began as a Coglin Gladiator on Feb 21, 2024.
             Slain by an orc
             ... wielding a +0 flail
              (6 damage)
             ... on level 2 of the Dungeon.
             The game lasted 00:01:52 (976 turns).

cforsyth the Slasher (Coglin Gladiator)              Turns: 976, Time: 00:01:52

Health: -1/35      AC:  4    Str: 14    XL:     4   Next: 31%
Magic:  4/4        EV: 12    Int:  8    God:
Gold:   130        SH:  0    Dex: 17    Spells: 3/3 levels left

rFire   . . .        a - +0 long sword {Etsuko}
rCold   . . .        n - +0 short sword {Hong}
rNeg    . . .        b - +0 leather armour
rPois   .            c - +0 helmet
rElec   .            (no cloak)
rCorr   .            (no gloves)
SInv    .            (no boots)
Will    .....        (no amulet)
Stlth   +            (no ring)
HPRegen 0.25/turn    (no ring)
MPRegen 0.09/turn

%: no passive effects
@: immotile, revved
A: off-hand wielding, slow wielding, warmup strikes, legs shutdown
a: Convert to Beogh


You were on level 2 of the Dungeon.
You visited 1 branch of the dungeon, and saw 2 of its levels.

You collected 174 gold pieces.
You spent 44 gold pieces at shops.


Innate Abilities, Weirdness & Mutations

You can wield a second weapon in your off-hand.
It takes a long time for you to wield or remove held weapons.
Your first few attacks do less damage.
Attacking and casting redirects power from your legs.


   Skills:
 + Level 3.0 Fighting
 + Level 3.7 Long Blades
 - Level 1.7 Throwing
 + Level 1.8 Armour
 - Level 2.6 Dodging


You had 3 spell levels left.
You didn't know any spells.
Your spell library was empty.

Inventory:

Hand Weapons
 a - a +0 long sword (weapon) {Etsuko}
 n - a +0 short sword (offhand) {Hong}
Missiles
 d - 3 throwing nets (quivered) {=f}
 e - a javelin
Armour
 b - a +0 leather armour (worn)
 c - a +0 helmet (worn)
 l - a +0 cloak
Magical Staves
 k - a staff of earth {!a}
Scrolls
 g - a scroll of brand weapon {unknown}
 h - 3 scrolls of revelation {unknown}
 o - a scroll of vulnerability {unknown}
Potions
 f - a potion of degeneration {unknown}
 i - a potion of lignification {unknown}
 j - a potion of enlightenment {unknown}
 m - a potion of might {unknown}
 p - a potion of heal wounds {unknown}

Dungeon Overview and Level Annotations

Branches:
Dungeon (2/15)

Altars:

Shops:
D:1

** #.#░.....░....(..#
#.#░.........#####
#.#░░░.░.░..####
#...............#####
#####...............#
#.....▒.......▒.#
#...#.▒.ß...ß.▒.#
##.#.#.▒.......▒.#
##..#.#.▒.....@.▒.#
###..##.#.▒....ooo▒.#
#...###.#.▒.ß...ß.▒.#
>..[....#.▒.......▒.#
#######.#.▒▒.....▒▒.#
#.#.▒▒▒$⌠$▒▒▒.#
#.#..▒▒▒▒▒▒▒..#
#.##.........##
#........#####


You could see an orc priest and 2 orcs.


Message History

The orc priest hits you but does no damage.
The orc closely misses you. The orc hits you with a +0 flail.
You hit the orc priest with your +0 long sword.
The orc priest is heavily wounded.
You hit the orc priest with your +0 short sword.
The orc priest shouts, "Beogh offers mercy even to people such as you.
Join us and be reborn!"
The orc priest barely misses you. The orc hits you with a +0 club.
The orc misses you.
You hit the orc priest but do no damage.
The orc priest is severely wounded.
You hit the orc priest with your +0 short sword.
The orc priest barely misses you. The orc hits you with a +0 club.
* * * LOW HITPOINT WARNING * * *
The orc closely misses you.
You hit the orc priest with your +0 long sword.
The orc priest is almost dead.
You hit the orc priest but do no damage.
The orc priest threatens, "Beogh's wrath is as vast as their mercy.
Make your choice!" The orc priest hits you with a +0 club.
* * * LOW HITPOINT WARNING * * *
The orc hits you but does no damage. The orc hits you with a +0 flail!
* * * LOW HITPOINT WARNING * * *
The orc priest shouts, "Beogh offers mercy even to people such as you.
Join us and be reborn!"
You hit the orc priest but do no damage.
The orc priest is almost dead.
You hit the orc priest but do no damage.
The orc priest threatens, "Beogh's wrath is as vast as their mercy.
Make your choice!" The orc priest barely misses you.
The orc hits you but does no damage. The orc hits you with a +0 flail.
You die...

Skill      XL: |  1  2  3  4 |
---------------+-------------+-----
Armour         | 1 |  1.8
Fighting       | 3 |  3.0
Long Blades    | |  3.7
Throwing       | |  1.7
Dodging        | |  2.6

Action                     |  1- 3 |  4- 6 || total
---------------------------+-------+-------++-------
  Melee: Long sword        |    85 |    20 ||   105
         Short sword       |       |    14 ||    14
 Armour: Leather armour    |    58 |    22 ||    80
  Dodge: Dodged            |    56 |    20 ||    76

Levels and vault maps discovered:
D:1:      eino_arrival_tree_alley, layout_rooms,
          hellmonk_ecumenical_altar_the_god_not_taken, serial_shops,
          nicolae_shop_peninsula, nicolae_shop_real_fake_doors
D:2:      cheibrodos_pilgrimage, layout_basic, minmay_misc_feat_diagonals,
          minmay_crystal_room, grunt_decor_arrowhead, serial_park_tiny_2,
          chequers_serial_rivers_micro_c, minmay_between

Notes
Turn   | Place    | Note
-------+----------+-------------------------------------------
     0 | D:1      | cforsyth the Coglin Gladiator began the quest for the Orb.
     0 | D:1      | Reached XP level 1. HP: 16/16 MP: 1/1
    40 | D:1      | Reached XP level 2. HP: 17/22 MP: 2/2
   126 | D:1      | Reached skill level 1 in Armour
   199 | D:1      | Reached XP level 3. HP: 22/28 MP: 3/3
   245 | D:1      | Found Nairghau's Assorted Antiques.
   248 | D:1      | Bought a fizzy orange potion for 22 gold pieces
   248 | D:1      | Bought a clear potion for 22 gold pieces
   328 | D:1      | Found Paajiexu's Assorted Antiques.
   461 | D:1      | Found a faded altar of an unknown god.
   477 | D:1      | Found a faded altar of an unknown god.
   682 | D:2      | Reached XP level 4. HP: 20/34 MP: 4/4
   826 | D:2      | Reached skill level 3 in Fighting
   976 | D:2      | Slain by an orc

Vanquished Creatures
  An adder (D:2)
  A dart slug (D:1)
  A ribbon worm (D:2)
  2 endoplasms (D:1)
  3 giant cockroaches
  3 goblins
  5 hobgoblins
  5 kobolds
  3 quokkas
  3 ball pythons
  3 bats
  2 frilled lizards (D:1)
  2 rats (D:1)
34 creatures vanquished.

Table legend: (Time is in decaauts)
 A = Elapsed time spent in this place.
 B = Non-inter-level travel time spent in this place.
 C = Inter-level travel time spent in this place.
 D = Time resting spent in this place.
 E = Time spent auto-exploring this place.
 F = Levels seen in this place.
 G = Mean time per level.
                   A        B        C        D        E       F      G
               +--------+--------+--------+--------+--------+-----+--------+
         Total |    996 |    966 |     30 |     45 |    649 |   2 |  498.0 |
       Dungeon |    996 |    966 |     30 |     45 |    649 |   2 |  498.0 |
               +--------+--------+--------+--------+--------+-----+--------+

Top non-repeatable levels by time:
     D:1: 583 daAuts
     D:2: 412 daAuts

Table legend:
 A = Non-vault XP
 B = Vault XP
 C = Vault XP percentage of total XP
 D = Non-vault monster count
 E = Vault monster count
 F = Vault count percentage of total count
                 A         B        C        D         E       F
            +---------+---------+-------+---------+---------+-------
      Total |     102 |       6 |   5.6 |      32 |       2 |   5.9
            +---------+---------+-------+---------+---------+-------
        D:1 |      62 |       0 |   0.0 |      23 |       0 |   0.0
        D:2 |      40 |       6 |  13.0 |       9 |       2 |  18.2
            +---------+---------+-------+---------+---------+-------
